[Event "Titled Tuesday Blitz February 14 Early 2023"]
[White "Taspinar, Yanki"]
[Black "Nihal Sarin"]
[WhiteFideId "34561188"]
[BlackFideId "25092340"]
[WhiteElo "2262"]
[BlackElo "2673"]
[Result "0-1"]
[Round "02"]
[TimeControl "180+2"]
[Date "2023.02.15"]
[WhiteClock "0:00:12"]
[BlackClock "0:00:18"]

1. Nf3 d5 2. d4 Nf6 3. g3 Bf5 4. Bg2 e6 5. O-O c6 6. b3 h6 7. Bb2 Nbd7 8. c4 Be7 9. Nc3 O-O 10. Nd2 a5 11. e4 dxe4 12. Ndxe4 Nxe4 13. Nxe4 a4 14. Re1 Nf6 15. Nxf6+ Bxf6 16. Qd2 axb3 17. axb3 Qb6 18. b4 Rxa1 19. Rxa1 Rd8 20. c5 Qc7 21. Qe3 Qd7 22. Rd1 Qe8 23. Bf3 Rd7 24. b5 cxb5 25. c6 bxc6 26. Bxc6 Qc8 27. Bxd7 Qxd7 28. Qf3 b4 29. Rc1 Kh7 30. h4 Qa4 31. g4 Bg6 32. h5 Bc2 33. Qe2 b3 34. Qd2 Qc6 35. Re1 Qf3 36. Qe2 Qh3 37. f3 Qg3+ 38. Kf1 Bh4 39. Rc1 f5 40. Rxc2 bxc2 41. Qxc2 Qxf3+ 42. Kg1 Qxg4+ 43. Kf1 Qxh5 44. Qb3 Qg6 45. d5 exd5 46. Qxd5 Bf6 47. Bc1 Qg4 48. Qd3 Qe4 49. Qxe4 fxe4 50. Ke2 Kg6 51. Ba3 Kf5 52. Ke3 h5 53. Bc5 h4 54. Ke2 g5 55. Bg1 g4 56. Bh2 h3 57. Bg1 Be5 58. Bf2 h2 59. Bg1 h1=Q 60. Bh2 Qf3+ 61. Ke1 Bxh2 62. Kd2 Bf4+ 63. Ke1 Qg2 64. Kd1 Qd2# 0-1


[Site "https://www.chess.com"]

[Event "Titled Tuesday Blitz February 14 Early 2023"]
[White "Andreikin, Dmitry"]
[Black "Jaracz, Pawel"]
[WhiteFideId "4158814"]
[BlackFideId "1102222"]
[WhiteElo "2729"]
[BlackElo "2467"]
[Result "1/2-1/2"]
[Round "02"]
[TimeControl "180+2"]
[Date "2023.02.15"]
[WhiteClock "0:00:06"]
[BlackClock "0:00:07"]

1. e4 c5 2. Nc3 Nc6 3. Nge2 e6 4. d4 cxd4 5. Nxd4 Qc7 6. g4 a6 7. Be3 Ne5 8. f4 Nc4 9. Bxc4 Qxc4 10. Qd3 Qxd3 11. cxd3 b5 12. O-O-O Bb7 13. Kb1 Ne7 14. Rc1 Nc6 15. Nce2 Bd6 16. Nxc6 Bxc6 17. Nd4 Bb7 18. Nb3 a5 19. Rhf1 a4 20. Nd4 Ba6 21. Ne2 b4 22. Rfd1 f6 23. Bc5 Ke7 24. Bxd6+ Kxd6 25. Nd4 Rhc8 26. Nf3 Rxc1+ 27. Kxc1 Rc8+ 28. Kd2 a3 29. bxa3 Rc3 30. axb4 Rxd3+ 31. Kc2 Rxd1 32. Kxd1 Bd3 33. Nd2 e5 34. fxe5+ Kxe5 35. a4 Kd4 36. b5 Kc5 37. Nb3+ Kb4 38. Nd4 g6 39. g5 fxg5 40. e5 Kxa4 41. e6 dxe6 42. b6 Ba6 43. Nxe6 Kb5 44. Nxg5 Kxb6 45. Nxh7 Kc5 46. Kd2 Kd4 47. Ng5 Ke5 48. Ke3 Kf5 49. Nf3 g5 50. Kf2 Kg4 51. Ne5+ Kf4 52. Nf3 Bb7 53. Nd4 Ke4 54. Ne6 Kf5 55. Nd4+ Kf4 56. Ne6+ Kf5 57. Nc5 Bd5 58. Kg3 Bc6 59. Nb3 Bb7 60. Nd4+ Ke5 61. Nc2 Kf5 62. Ne3+ Kf6 63. Nc4 Bd5 64. Nb6 Be6 65. Na4 Ke5 66. Nc5 Bf5 67. Nb3 Be6 68. Nd2 Bd5 69. Nf1 Kd4 70. Kf2 Ke4 71. Ng3+ Kf4 72. Ne2+ Kg4 73. Nc3 Bc6 74. Nd1 Kf4 75. Ne3 Be4 76. Nf1 Bc6 77. Ng3 Be8 78. Ne2+ Kg4 79. Nd4 Bd7 80. Nf3 Kf4 81. Ne1 Bb5 82. Ng2+ Kg4 83. Ne3+ Kf4 84. Nd5+ Kg4 85. Nf6+ Kf4 86. Nh5+ Kg4 87. Ng3 Bd3 88. Kg2 Kf4 89. h3 Bb5 90. Nh5+ Kf5 91. Kg3 Bf1 92. Ng7+ Kg6 93. Ne8 Bxh3 94. Kxh3 Kf5 95. Kg3 g4 96. Nf6 Kxf6 97. Kxg4 1/2-1/2


[Site "https://www.chess.com"]

[Event "Titled Tuesday Blitz February 14 Early 2023"]
[White "Papasimakopoulos, Alexandros"]
[Black "Sarana, Alexey"]
[WhiteFideId "4244125"]
[BlackFideId "24133795"]
[WhiteElo "2401"]
[BlackElo "2685"]
[Result "0-1"]
[Round "02"]
[TimeControl "180+2"]
[Date "2023.02.15"]
[WhiteClock "0:01:03"]
[BlackClock "0:01:26"]

1. d4 Nf6 2. c4 e6 3. Nc3 d5 4. cxd5 exd5 5. Bg5 c6 6. e3 Bf5 7. Qf3 Bg6 8. Bxf6 Qxf6 9. Qxf6 gxf6 10. Kd2 Nd7 11. Nf3 Be7 12. Bd3 Nb6 13. Nh4 a5 14. Nf5 h5 15. Nh4 Rg8 16. g3 Kd7 17. Rab1 a4 18. Bf5+ Kc7 19. Bd3 a3 20. b3 Bb4 21. Rbc1 Nc8 22. Nf5 Bxf5 23. Bxf5 Nd6 24. Bd3 h4 25. Ke2 Kd7 26. Kf3 Bxc3 27. Rxc3 f5 28. Rcc1 Ke6 29. Rhg1 Rg5 30. b4 Ra4 31. Rb1 hxg3 32. hxg3 Rh5 33. Kg2 b5 34. Bc2 Ra8 35. Rh1 Rxh1 36. Rxh1 Ne4 37. Bxe4 dxe4 38. Rc1 Kd6 39. Rc5 Ra4 40. Rxf5 Rxb4 41. Rxf7 Rb2 42. g4 Ke6 43. Rc7 Rxa2 44. Rxc6+ Kf7 45. Rb6 Rb2 46. Ra6 a2 47. d5 b4 48. g5 b3 49. g6+ Kg7 50. d6 Rd2 51. d7 Rxd7 52. Ra3 b2 53. Rxa2 b1=Q 54. Ra6 Qd1 0-1


[Site "https://www.chess.com"]

[Event "Titled Tuesday Blitz February 14 Early 2023"]
[White "Boyer, Mahel"]
[Black "Le, Tuan Minh"]
[WhiteFideId "45102422"]
[BlackFideId "12401153"]
[WhiteElo "2489"]
[BlackElo "2542"]
[Result "1/2-1/2"]
[Round "02"]
[TimeControl "180+2"]
[Date "2023.02.15"]
[WhiteClock "0:00:02"]
[BlackClock "0:00:04"]

1. d4 d5 2. c4 c6 3. cxd5 cxd5 4. Bf4 Nf6 5. Nc3 a6 6. e3 Nc6 7. Be2 Bf5 8. g4 Bg6 9. h4 h6 10. Nf3 e6 11. h5 Be4 12. Qb3 Bxf3 13. Bxf3 Na5 14. Qc2 Rc8 15. Rc1 Bd6 16. g5 hxg5 17. Bxg5 Nc4 18. Kf1 Be7 19. Kg2 b5 20. Qe2 Qd7 21. Nb1 Ne4 22. Bf4 Bd6 23. Bxe4 dxe4 24. Qg4 Bxf4 25. Qxf4 f6 26. b3 Nb6 27. Qxe4 Nd5 28. Qg6+ Kf8 29. Nd2 Rh6 30. Qg3 Rxc1 31. Rxc1 Rxh5 32. Ne4 Qb7 33. Qd6+ Kf7 34. Qc6 Qe7 35. Nd6+ Kg6 36. Qe8+ Qxe8 37. Nxe8 e5 38. Rc6 exd4 39. exd4 Rh4 40. Rxa6 Rxd4 41. Rd6 Rd3 42. Kf1 Kf5 43. Nxg7+ Ke5 44. Re6+ Kd4 45. Nf5+ Kc3 46. Ne3 Nb4 47. Rxf6 Nxa2 48. Rb6 b4 49. Nc4 Kxb3 50. Na5+ Kc3 51. Nc6 Rd6 52. Nxb4 Rxb6 53. Nd5+ Kd4 54. Nxb6 Nc3 55. Nd7 Ne4 56. f4 Nc3 57. Kg2 Nd5 58. f5 Ke4 59. f6 Nxf6 1/2-1/2


[Site "https://www.chess.com"]

[Event "Titled Tuesday Blitz February 14 Early 2023"]
[White "Bluebaum, Matthias"]
[Black "Tisaj, Domen"]
[WhiteFideId "24651516"]
[BlackFideId "14628708"]
[WhiteElo "2669"]
[BlackElo "2386"]
[Result "1-0"]
[Round "02"]
[TimeControl "180+2"]
[Date "2023.02.15"]
[WhiteClock "0:01:20"]
[BlackClock "0:00:01"]

1. d4 Nf6 2. c4 e6 3. Nc3 Bb4 4. e3 O-O 5. Bd2 d5 6. Nf3 b6 7. cxd5 exd5 8. Rc1 a6 9. Bd3 Bb7 10. O-O Bd6 11. Ne5 c5 12. f4 Nc6 13. Ng4 cxd4 14. Nxf6+ Qxf6 15. Nxd5 Qd8 16. e4 Ne7 17. Nxe7+ Bxe7 18. Qg4 f5 19. exf5 Bf6 20. Rfe1 Rc8 21. Rxc8 Qxc8 22. Qe2 Bd5 23. b3 b5 24. Be4 Bf7 25. Rc1 Qd7 26. Qd3 Rc8 27. Rxc8+ Qxc8 28. Qc2 Qe8 29. g4 Bd8 30. Qc6 Qe7 31. Kg2 h6 32. g5 hxg5 33. fxg5 Qe5 34. g6 Be8 35. Qd5+ Qxd5 36. Bxd5+ Kf8 37. Kf3 Be7 38. Ke4 Bd7 39. Ba5 Bc5 40. b4 Bd6 41. h4 Ke7 42. a3 Bb8 43. Bb6 Bd6 44. Bxd4 1-0


[Site "https://www.chess.com"]

[Event "Titled Tuesday Blitz February 14 Early 2023"]
[White "Sammed Jaykumar, Shete"]
[Black "Fedoseev, Vladimir"]
[WhiteFideId "5073421"]
[BlackFideId "24130737"]
[WhiteElo "2440"]
[BlackElo "2680"]
[Result "1/2-1/2"]
[Round "02"]
[TimeControl "180+2"]
[Date "2023.02.15"]
[WhiteClock "0:00:13"]
[BlackClock "0:00:13"]

1. Nf3 Nf6 2. c4 e6 3. g3 d5 4. Qc2 Nc6 5. Bg2 d4 6. d3 h6 7. O-O e5 8. a3 a5 9. e3 Bc5 10. exd4 Nxd4 11. Nxd4 Bxd4 12. Be3 O-O 13. Nc3 Bf5 14. Rad1 c6 15. Ne2 Bxe3 16. fxe3 Ng4 17. Qc1 Qg5 18. Rf3 Bxd3 19. h4 Qe7 20. Nc3 Bxc4 21. Bh3 Be6 22. e4 Nf2 23. Rxf2 Bxh3 24. Qe3 Bg4 25. Rdf1 f6 26. Qb6 Ra6 27. Qb3+ Be6 28. Qc2 Raa8 29. Na4 Rad8 30. Nc5 Bc8 31. b4 axb4 32. axb4 b6 33. Nd3 Rd6 34. Nb2 Be6 35. Na4 Qb7 36. g4 Bxg4 37. h5 Bxh5 38. Rg2 Rfd8 39. Qc3 Qa7 40. Qh3 Be8 41. Qxh6 Rd1 42. Qxf6 Rxf1+ 43. Kxf1 Qf7 44. Qxf7+ Bxf7 45. Nxb6 Rd1+ 46. Ke2 Rd4 47. Ke3 Rxb4 48. Nd7 Rb3+ 49. Kf2 Rb5 50. Rg5 Be6 51. Nxe5 Rc5 52. Ke3 Rc1 53. Rg6 Bb3 54. Rxc6 Rxc6 55. Nxc6 Kf7 56. Kf4 Kf6 57. e5+ Kg6 58. Ne7+ Kf7 59. Nf5 Be6 60. Nxg7 Kxg7 61. Kg5 Kf7 62. Kh5 Ke7 63. Kg5 Bd5 64. Kg6 Ke6 65. Kg5 Kxe5 1/2-1/2


[Site "https://www.chess.com"]

[Event "Titled Tuesday Blitz February 14 Early 2023"]
[White "Pranav, V"]
[Black "Morefield, Jason"]
[WhiteFideId "25060783"]
[BlackFideId "30920825"]
[WhiteElo "2597"]
[BlackElo "2167"]
[Result "1-0"]
[Round "02"]
[TimeControl "180+2"]
[Date "2023.02.15"]
[WhiteClock "0:00:12"]
[BlackClock "0:00:02"]

1. e4 c5 2. Nf3 d6 3. d4 cxd4 4. Nxd4 Nf6 5. Nc3 Nc6 6. Bc4 Qb6 7. Nb3 e6 8. O-O a6 9. a4 Be7 10. Be3 Qc7 11. f4 O-O 12. Bd3 b6 13. Kh1 Bb7 14. Qe1 Nb4 15. a5 bxa5 16. Nxa5 d5 17. Nxb7 Qxb7 18. e5 Ne4 19. Bxe4 dxe4 20. Qe2 Rfc8 21. f5 exf5 22. Rxf5 Nd5 23. Raf1 Nxc3 24. bxc3 Rf8 25. Bd4 a5 26. Qg4 a4 27. e6 f6 28. Rh5 Qa6 29. Rg1 Qc4 30. Qh3 h6 31. Qg4 Ra6 32. Rxh6 Qxe6 33. Qg6 f5 34. Qxg7# 1-0


[Site "https://www.chess.com"]

[Event "Titled Tuesday Blitz February 14 Early 2023"]
[White "Stoleriu, George"]
[Black "Hakobyan, Aram"]
[WhiteFideId "1227505"]
[BlackFideId "13306677"]
[WhiteElo "2390"]
[BlackElo "2608"]
[Result "0-1"]
[Round "02"]
[TimeControl "180+2"]
[Date "2023.02.15"]
[WhiteClock "0:00:03"]
[BlackClock "0:00:21"]

1. e4 c5 2. b3 e6 3. Bb2 a6 4. f4 Nc6 5. Nf3 d5 6. e5 Nh6 7. Be2 Be7 8. O-O O-O 9. d4 Nf5 10. Qd2 cxd4 11. Nxd4 Bb4 12. Qd3 Ncxd4 13. Bxd4 Bd7 14. c3 Rc8 15. a4 Bc5 16. Bxc5 Rxc5 17. Nd2 Qb6 18. Kh1 Rfc8 19. Rfc1 R5c7 20. Bg4 Ne7 21. b4 Qf2 22. Rf1 Qh4 23. Qe2 Rxc3 24. b5 axb5 25. axb5 Rc2 26. Rad1 Bxb5 27. Qxb5 Qxg4 28. Qxb7 Nf5 29. Qb6 h6 30. Rfe1 d4 31. Qb7 R8c6 32. Qa8+ Kh7 33. Qa3 R2c3 34. Qa4 Ne3 35. Rg1 Nxd1 36. Qxd4 Qe2 37. Ne4 R3c4 38. Qxd1 Qxd1 39. Nf6+ gxf6 0-1


[Site "https://www.chess.com"]

[Event "Titled Tuesday Blitz February 14 Early 2023"]
[White "Daneshvar, Bardiya"]
[Black "Skliarov, Viktor"]
[WhiteFideId "12576468"]
[BlackFideId "14106736"]
[WhiteElo "2540"]
[BlackElo "2383"]
[Result "1-0"]
[Round "02"]
[TimeControl "180+2"]
[Date "2023.02.15"]
[WhiteClock "0:00:27"]
[BlackClock "0:00:02"]

1. b3 e5 2. Bb2 Nc6 3. e3 Nf6 4. Bb5 Bd6 5. Na3 a6 6. Bxc6 dxc6 7. Nc4 Qe7 8. a4 O-O 9. a5 e4 10. Ne2 Bg4 11. h3 Bh5 12. g4 Bg6 13. Nf4 Rad8 14. Nxd6 cxd6 15. h4 h6 16. Qe2 Nd5 17. Nxd5 cxd5 18. O-O-O Rc8 19. Bc3 Rc7 20. Kb2 Rfc8 21. Rc1 Rc6 22. Bd4 Qc7 23. c3 Qxa5 24. h5 Bh7 25. g5 hxg5 26. Qg4 Qd8 27. h6 f5 28. Qg3 g6 29. Ra1 Kf7 30. Ra4 Ke6 31. Rha1 g4 32. Ra5 Qg5 33. Bg7 Qd8 34. Qg1 Rc5 35. b4 Rc4 36. Qf1 Qb6 37. R5a3 Qd8 38. Rd1 Qb6 39. d3 exd3 40. Qxd3 Qc6 41. Ra5 d4 42. exd4 Qe4 43. Qd2 Kd7 44. Re1 Qf3 45. d5 Re4 46. Raa1 g5 47. Rxe4 Qxe4 48. Re1 Qf4 49. Qe2 Kc7 50. Bd4 Kb8 51. Rd1 Qf3 52. Qxf3 gxf3 53. Re1 b5 54. Re6 Rd8 55. Re7 Bg6 56. Rg7 1-0


[Site "https://www.chess.com"]

[Event "Titled Tuesday Blitz February 14 Early 2023"]
[White "Piesik, Piotr"]
[Black "Bortnyk, Olexandr"]
[WhiteFideId "1136194"]
[BlackFideId "14120828"]
[WhiteElo "2426"]
[BlackElo "2605"]
[Result "0-1"]
[Round "02"]
[TimeControl "180+2"]
[Date "2023.02.15"]
[WhiteClock "0:00:19"]
[BlackClock "0:00:33"]

1. Nf3 Nf6 2. g3 g6 3. Bg2 Bg7 4. O-O O-O 5. d4 d6 6. Nbd2 Nc6 7. e4 e5 8. dxe5 dxe5 9. c3 Qe7 10. b4 a6 11. a4 Rd8 12. Qe2 Be6 13. Ba3 Qd7 14. Nc4 Qd3 15. Qxd3 Rxd3 16. Ncxe5 Nxe5 17. Nxe5 Rxc3 18. Rfc1 Nxe4 19. Bxe4 Bxe5 20. Rxc3 Bxc3 21. Rc1 Be5 22. Bxb7 Ra7 23. Bc6 h5 24. a5 Bc8 25. Re1 f6 26. Bc1 Bb7 27. Be3 Bxc6 28. Bxa7 Kf7 29. Bc5 g5 30. Rd1 h4 31. gxh4 gxh4 32. h3 Ke8 33. Bd4 Bd6 34. Bxf6 Bxb4 35. Ra1 Bd7 36. Bxh4 Bxh3 37. Ra4 c5 38. Ra2 Kd7 39. Kh2 Be6 40. Rc2 c4 41. Bf6 Bxa5 42. Bc3 Bc7+ 43. Kg2 Kc6 44. Kf3 a5 45. Ke3 Bb6+ 46. Bd4 Bd8 47. f4 a4 48. Ra2 Kb5 49. Rb2+ Kc6 50. Rb6+ Bxb6 0-1


[Site "https://www.chess.com"]

[Event "Titled Tuesday Blitz February 14 Early 2023"]
[White "Makhnev, Denis"]
[Black "Korchmar, Vasiliy"]
[WhiteFideId "13707647"]
[BlackFideId "24131750"]
[WhiteElo "2483"]
[BlackElo "2438"]
[Result "0-1"]
[Round "02"]
[TimeControl "180+2"]
[Date "2023.02.15"]
[WhiteClock "0:00:14"]
[BlackClock "0:00:07"]

1. d4 d5 2. c4 c6 3. Nf3 Nf6 4. Qc2 dxc4 5. Qxc4 Bg4 6. Nbd2 Nbd7 7. g3 e6 8. Bg2 Bd6 9. Qb3 Qb6 10. Nc4 Qxb3 11. Nxd6+ Ke7 12. axb3 Kxd6 13. Ne5 Bh5 14. Nc4+ Ke7 15. Na5 Nd5 16. Nxb7 Nb4 17. Ra4 a5 18. Bf4 Nb6 19. Rxa5 Rxa5 20. Nxa5 Nc2+ 21. Kd2 Nxd4 22. Nxc6+ Nxc6 23. Bxc6 Rd8+ 24. Ke1 Nd5 25. Bd2 Rb8 26. Bxd5 exd5 27. Bc3 Rxb3 28. Kd2 f6 29. Ra1 Rb7 30. f3 Bf7 31. g4 h5 32. h3 hxg4 33. hxg4 Be6 34. Ra6 Bd7 35. Ra5 Bc6 36. Ke3 Rc7 37. Kf4 Ke6 38. Ra6 Kf7 39. Bd4 Bb5 40. Ra5 Bxe2 41. Rxd5 Rb7 42. Bc3 Bc4 43. Rd2 Bb3 44. Rd6 Rc7 45. Rb6 Bd5 46. Kg3 Bc4 47. Rd6 Be6 48. Bd4 Rd7 49. Rxd7+ Bxd7 50. b4 f5 51. g5 g6 52. Kf4 Ke6 53. Bc5 Bb5 54. Ke3 Kd5 55. Kd2 Kc4 56. Kc2 Ba4+ 57. Kc1 Bb5 58. Kd2 Ba4 59. Ke3 Kd5 60. Kd3 Bb5+ 61. Kc3 Ba4 62. Bf8 Bb5 63. Kd2 Ba6 64. Ke3 Bb5 65. Kf4 Bc4 66. Bc5 Bb5 67. Kg3 Bc4 68. Kf2 Bb5 69. Ke1 Bc4 70. Kd2 Bb5 71. Kc3 Ba6 72. Kb3 Bb5 73. Bb6 Kc6 74. Ba7 Kd5 75. Bf2 Kc6 76. Kb2 Kd5 77. Kc3 Ba6 78. Kb3 Bb5 79. Bg1 Kc6 80. Kc3 Kd5 81. Bh2 Be2 82. Bb8 Bxf3 83. Kd2 Kc4 84. Bd6 Bc6 85. Ke3 Kd5 86. Bc5 Bb5 87. Kf4 Bc4 88. Bf8 Ba6 89. Bg7 Bb5 90. Bc3 Bd3 91. Be1 Ba6 92. Bd2 Bb5 93. Be3 Bc6 94. Bc5 Ba4 95. Ba7 Bb5 96. Bb8 Bc4 97. Be5 Bb5 98. Bc3 Ba6 99. Bd2 Be2 100. Ke3 Bb5 101. Be1 Bc4 102. Bg3 Bb5 103. Kd2 Ba6 104. Kc3 Bb5 105. Kd2 Ke4 106. Ke1 f4 107. Bf2 Kf5 108. Bd4 Kxg5 109. Kf2 Kf5 110. Kg2 g5 111. Bg1 g4 112. Bh2 Kg5 113. Kf2 Bc6 114. Kf1 g3 115. Bg1 f3 116. Bc5 Kg4 117. Kg1 Kh3 118. Kf1 Bb5+ 119. Ke1 Kg2 120. Kd2 f2 121. Bxf2 gxf2 122. Ke3 f1=Q 123. Kd4 Qc4+ 124. Ke5 Qxb4 125. Ke6 Kf3 126. Kf7 Bf1 127. Kf6 Qc5 128. Ke6 Ke4 129. Kf6 Qd6+ 130. Kg5 Kf3 131. Kf5 Qd5+ 132. Kf6 Kg4 133. Kg6 Qe6+ 134. Kg7 Kg5 135. Kf8 Qd7 136. Kg8 Kg6 0-1


[Site "https://www.chess.com"]

[Event "Titled Tuesday Blitz February 14 Early 2023"]
[White "Katz, Alexander"]
[Black "Narayanan.S.L"]
[WhiteFideId "2039796"]
[BlackFideId "5058422"]
[WhiteElo "2470"]
[BlackElo "2660"]
[Result "0-1"]
[Round "02"]
[TimeControl "180+2"]
[Date "2023.02.15"]
[WhiteClock "0:00:24"]
[BlackClock "0:02:09"]

1. e4 e6 2. d4 d5 3. Nd2 c5 4. exd5 Qxd5 5. Ngf3 cxd4 6. Bc4 Qd8 7. O-O Nc6 8. Nb3 Nf6 9. Nbxd4 Nxd4 10. Nxd4 a6 11. Re1 Be7 12. c3 O-O 13. Qf3 Qc7 14. Bb3 Bd7 15. Bf4 Qb6 16. Be5 Bc6 17. Nxc6 bxc6 18. Rad1 Rfd8 19. Rxd8+ Rxd8 20. Rd1 c5 21. g3 Rxd1+ 22. Qxd1 h6 23. Qd3 Qc6 24. Bc4 Nd7 25. Bf4 g5 26. Bc1 Ne5 27. Qf1 Nf3+ 28. Kh1 Nd2+ 29. Qg2 Qxg2+ 30. Kxg2 Nxc4 31. b3 Nb6 32. c4 f5 33. Kf3 Kf7 0-1


[Site "https://www.chess.com"]

[Event "Titled Tuesday Blitz February 14 Early 2023"]
[White "Lazavik, Denis"]
[Black "Weetik, Vjacheslav"]
[WhiteFideId "13515110"]
[BlackFideId "4153472"]
[WhiteElo "2544"]
[BlackElo "2423"]
[Result "1-0"]
[Round "02"]
[TimeControl "180+2"]
[Date "2023.02.15"]
[WhiteClock "0:00:05"]
[BlackClock "0:00:01"]

1. d4 d5 2. c4 e6 3. Nf3 Nf6 4. g3 Be7 5. Bg2 O-O 6. O-O dxc4 7. Qc2 b5 8. a4 Bb7 9. axb5 a6 10. bxa6 Nxa6 11. Qxc4 Bd5 12. Qc3 Ne4 13. Qe1 Nb4 14. Rxa8 Qxa8 15. Nc3 Bb7 16. Bf4 c5 17. Qa1 Rd8 18. Nxe4 Bxe4 19. Qxa8 Rxa8 20. dxc5 Bxc5 21. Ne5 Bxg2 22. Kxg2 Nd5 23. Nd3 Bd4 24. Be5 Bxe5 25. Nxe5 Rb8 26. Nd3 Rb3 27. Ra1 g5 28. Ra7 f6 29. Kf1 h5 30. Ke1 e5 31. Ra2 g4 32. Kd2 Kf7 33. Kc2 Rb7 34. Ra5 1-0


[Site "https://www.chess.com"]

[Event "Titled Tuesday Blitz February 14 Early 2023"]
[White "Skvortsov, Andrei"]
[Black "Tsydypov, Zhamsaran"]
[WhiteFideId "24108600"]
[BlackFideId "4108566"]
[WhiteElo "2313"]
[BlackElo "2518"]
[Result "0-1"]
[Round "02"]
[TimeControl "180+2"]
[Date "2023.02.15"]
[WhiteClock "0:00:14"]
[BlackClock "0:01:38"]

1. e4 c5 2. d4 cxd4 3. Qxd4 Nc6 4. Qd3 g6 5. Nc3 Bg7 6. Nf3 d6 7. Be2 Nf6 8. O-O O-O 9. Nd5 Nd7 10. c3 Nc5 11. Qc2 e6 12. Ne3 b6 13. b4 Nd7 14. Ba3 Nce5 15. Nd4 Bb7 16. Rfd1 a6 17. f4 Nc6 18. Nxc6 Bxc6 19. Rxd6 Qc7 20. e5 Bh6 21. Rd4 Nxe5 22. b5 Bd5 23. Nxd5 exd5 24. Bxf8 Rxf8 25. bxa6 Nc6 26. Rxd5 Nb4 27. Qb3 Nxd5 28. Qxd5 Bxf4 29. g3 Be3+ 30. Kg2 Qxc3 31. Rd1 Qb2 32. Qf3 Bc5 33. a3 Re8 34. Re1 b5 35. Kf1 Qd4 36. Kg2 Ba7 37. Rf1 Re7 38. Bxb5 Qb2+ 39. Kh3 Qxb5 40. Qf6 Qh5+ 41. Kg2 Re2+ 0-1


[Site "https://www.chess.com"]

[Event "Titled Tuesday Blitz February 14 Early 2023"]
[White "Terry, Renato"]
[Black "Seemann, Jakub"]
[WhiteFideId "3803457"]
[BlackFideId "21874697"]
[WhiteElo "2520"]
[BlackElo "2446"]
[Result "0-1"]
[Round "02"]
[TimeControl "180+2"]
[Date "2023.02.15"]
[WhiteClock "0:00:13"]
[BlackClock "0:00:05"]

1. e4 c6 2. Nf3 d5 3. exd5 cxd5 4. Ne5 Nc6 5. d4 e6 6. c3 Bd6 7. f4 Nge7 8. Bd3 O-O 9. O-O Qc7 10. Qh5 g6 11. Qh6 f6 12. Ng4 Nf5 13. Bxf5 exf5 14. Ne3 Be6 15. Nd2 Rae8 16. Qh4 b5 17. b4 Nb8 18. Bb2 a5 19. a3 a4 20. Rf3 Nd7 21. Raf1 Nb6 22. h3 Nc4 23. Ndxc4 dxc4 24. g4 fxg4 25. Nxg4 Qg7 26. Bc1 Bd5 27. Re3 Rxe3 28. Nxe3 Ba8 29. d5 Bb8 30. f5 Ba7 31. Rd1 Re8 32. Qf4 Qe7 33. Kf2 g5 34. Qg3 Qe4 35. d6 Qc2+ 36. Ke1 Qxc3+ 37. Kf2 Qc2+ 38. Ke1 Bxe3 39. Bxe3 Qc3+ 40. Kf2 Qc2+ 41. Rd2 Qe4 42. d7 Rd8 43. Bb6 c3 44. Qxc3 Qg2+ 45. Ke1 Qh1+ 46. Ke2 Qg2+ 47. Kd1 Qf1+ 48. Kc2 Be4+ 49. Rd3 Bxd3+ 50. Qxd3 Qxd3+ 51. Kxd3 Rxd7+ 52. Bd4 Kf7 53. Ke4 h5 54. Be3 g4 55. hxg4 hxg4 56. Kf4 Rd3 57. Bc1 Rc3 58. Bb2 Rc2 59. Bd4 Rc4 0-1


[Site "https://www.chess.com"]

[Event "Titled Tuesday Blitz February 14 Early 2023"]
[White "Jakubowski, Krzysztof"]
[Black "Shimanov, Aleksandr"]
[WhiteFideId "1112848"]
[BlackFideId "4198603"]
[WhiteElo "2486"]
[BlackElo "2581"]
[Result "1-0"]
[Round "02"]
[TimeControl "180+2"]
[Date "2023.02.15"]
[WhiteClock "0:00:19"]
[BlackClock "0:00:31"]

1. e4 d5 2. exd5 Qxd5 3. Nc3 Qe5+ 4. Nge2 Nf6 5. d4 Qa5 6. g3 Bf5 7. Bg2 c6 8. O-O e6 9. Re1 Be7 10. h3 h6 11. a3 O-O 12. Kh2 Nbd7 13. Bd2 Qc7 14. Bf4 Bd6 15. Qd2 Rfd8 16. Bxd6 Qxd6 17. Rad1 Nb6 18. Qc1 Rac8 19. Nf4 Nfd5 20. Nce2 Nc4 21. c3 a5 22. Nd3 Bxd3 23. Rxd3 a4 24. Qc2 b5 25. Nc1 c5 26. Red1 h5 27. Qe2 h4 28. Na2 hxg3+ 29. fxg3 cxd4 30. Rxd4 Qb6 31. Qf3 Nxb2 32. Rf1 Qc7 33. Rh4 Qe5 34. Rh5 Qe3 35. Qxf7# 1-0


[Site "https://www.chess.com"]

[Event "Titled Tuesday Blitz February 14 Early 2023"]
[White "Panesar Vedant"]
[Black "Korobov, Anton"]
[WhiteFideId "35033018"]
[BlackFideId "14105730"]
[WhiteElo "2387"]
[BlackElo "2664"]
[Result "1/2-1/2"]
[Round "02"]
[TimeControl "180+2"]
[Date "2023.02.15"]
[WhiteClock "0:00:08"]
[BlackClock "0:00:07"]

1. e4 c5 2. Nf3 d6 3. d4 cxd4 4. Nxd4 Nf6 5. Nc3 a6 6. Bg5 Nbd7 7. Qe2 h6 8. Bh4 e6 9. f4 Qc7 10. O-O-O b5 11. a3 Bb7 12. g4 Be7 13. Bg2 Rc8 14. e5 dxe5 15. Bxb7 Qxb7 16. fxe5 Nd5 17. Nxd5 Bxh4 18. Nf3 Bd8 19. Nc3 O-O 20. Ne4 Be7 21. g5 h5 22. Nf6+ Nxf6 23. gxf6 Bc5 24. fxg7 Rfd8 25. Ng5 Rxd1+ 26. Rxd1 Qc7 27. Kb1 Be7 28. Rg1 Qc5 29. Rg2 Bxg5 30. Rxg5 Qc4 31. Qd1 Qd5 32. Qxd5 exd5 33. Rxh5 Kxg7 34. c3 Rc4 35. Kc2 Re4 36. Kd3 Kg6 37. Rh8 Rxe5 38. Rd8 f5 39. Rd6+ Kg5 40. Kd4 Re1 41. Rxa6 f4 42. Ra8 f3 43. Rf8 Kg4 44. Kxd5 Re2 45. b4 f2 46. Kc6 Rd2 47. Rxf2 Rxf2 48. Kxb5 Kf5 49. a4 Ke6 50. Kc6 Rc2 51. b5 Rxc3+ 52. Kb7 Ra3 53. b6 Rxa4 54. Kc8 Rc4+ 55. Kd8 Rd4+ 56. Kc8 Rc4+ 57. Kd8 Rb4 58. Kc7 Rxb6 59. Kxb6 Kf5 60. Kc5 Kg4 61. Kd4 Kh3 62. Kc5 Kxh2 1/2-1/2


[Site "https://www.chess.com"]

[Event "Titled Tuesday Blitz February 14 Early 2023"]
[White "Kollars, Dmitrij"]
[Black "Mohamed Anees M"]
[WhiteFideId "12909572"]
[BlackFideId "35065815"]
[WhiteElo "2607"]
[BlackElo "2315"]
[Result "1-0"]
[Round "02"]
[TimeControl "180+2"]
[Date "2023.02.15"]
[WhiteClock "0:01:05"]
[BlackClock "0:00:11"]

1. Nf3 d5 2. g3 Nf6 3. Bg2 Bf5 4. O-O e6 5. c4 c6 6. cxd5 cxd5 7. Qb3 Qb6 8. Qxb6 axb6 9. d3 h6 10. Nc3 Nc6 11. Nb5 Ra5 12. Nbd4 Bh7 13. Bd2 Ra8 14. Rfc1 Nxd4 15. Nxd4 Bc5 16. Nb5 O-O 17. b4 Be7 18. Rc7 Bd8 19. Rxb7 e5 20. a4 e4 21. dxe4 dxe4 22. Nd6 Ne8 23. Nc4 Rc8 24. Nxb6 Rc2 25. Bf4 g5 26. Bb8 Nf6 27. Bd6 Re8 28. a5 Bxb6 29. Rxb6 Nd5 30. Rb7 Nc3 31. e3 Bf5 32. a6 Bc8 33. Rb8 1-0


[Site "https://www.chess.com"]

[Event "Titled Tuesday Blitz February 14 Early 2023"]
[White "Carnicelli, Valerio"]
[Black "Van Foreest, Jorden"]
[WhiteFideId "856185"]
[BlackFideId "1039784"]
[WhiteElo "2370"]
[BlackElo "2689"]
[Result "0-1"]
[Round "02"]
[TimeControl "180+2"]
[Date "2023.02.15"]
[WhiteClock "0:00:42"]
[BlackClock "0:01:26"]

1. e4 g6 2. d4 Bg7 3. Nc3 d5 4. e5 h5 5. h3 c6 6. Nf3 Nh6 7. Bf4 Nf5 8. Qd2 h4 9. O-O-O Nd7 10. g4 hxg3 11. fxg3 Nb6 12. g4 Nh4 13. Nxh4 Rxh4 14. Qf2 Rh8 15. Kb1 Bxg4 16. Be2 Bf5 17. Bg4 Qd7 18. e6 Bxe6 19. Bxe6 Qxe6 20. Rde1 Qd7 21. Bg5 e6 22. Nd1 Nc4 23. c3 Nd6 24. Bf6 Bxf6 25. Qxf6 Rh5 26. Nf2 Qe7 27. Ng4 Ne4 28. Qf4 O-O-O 29. Ne5 Rf5 30. Qe3 Rh8 31. Qd3 Nf2 0-1


[Site "https://www.chess.com"]

[Event "Titled Tuesday Blitz February 14 Early 2023"]
[White "Durarbayli, Vasif"]
[Black "Souleidis, Georgios"]
[WhiteFideId "13402935"]
[BlackFideId "4206827"]
[WhiteElo "2627"]
[BlackElo "2419"]
[Result "1-0"]
[Round "02"]
[TimeControl "180+2"]
[Date "2023.02.15"]
[WhiteClock "0:00:09"]
[BlackClock "0:00:04"]

1. e4 e5 2. Nf3 d6 3. Bc4 Nf6 4. d3 Be7 5. O-O O-O 6. c3 c5 7. Re1 Be6 8. Bxe6 fxe6 9. d4 exd4 10. cxd4 cxd4 11. Nxd4 Qd7 12. Qb3 d5 13. exd5 exd5 14. Nc3 Nc6 15. Ne6 Rfe8 16. Bg5 Bb4 17. Nf4 Rxe1+ 18. Rxe1 Re8 19. Rxe8+ Qxe8 20. Kf1 Bxc3 21. bxc3 Qe5 22. Bxf6 Qxf4 23. Qxd5+ Kf8 24. Bg5 Qxh2 25. Qf5+ Ke8 26. Qe6+ Kf8 27. Qf5+ Ke8 28. Qc8+ Kf7 29. Qxb7+ Kg6 30. Qxc6+ Kxg5 31. g3 Qh3+ 32. Ke1 Qf5 33. Qc4 Qb1+ 34. Ke2 Qc2+ 35. Kf3 Qd1+ 36. Kg2 Qd7 37. Qf4+ Kg6 38. Qe4+ Kf6 39. Qd4+ Qxd4 40. cxd4 Ke6 41. Kf3 Kd5 42. Ke3 h5 43. f4 g6 44. Kd3 a6 45. a3 a5 46. a4 Kd6 47. Kc4 Ke6 48. d5+ Kf5 49. d6 h4 50. gxh4 Ke6 51. Kc5 1-0


[Site "https://www.chess.com"]